 Dungeon Crawl Stone Soup version 0.30.1-11-g7821555f0a (webtiles) character file.

Game seed: 16995269489373122547

854 ritesign the Conjurer (level 7, -5/60 HPs)
             Began as a Demigod Conjurer on Jan 8, 2024.
             Slain by Edmund the wolf (9 damage)
             ... on level 5 of the Dungeon.
             The game lasted 00:09:23 (5099 turns).

ritesign the Conjurer (Demigod Conjurer)            Turns: 5099, Time: 00:09:23

Health: -5/60      AC:  8    Str: 10    XL:     7   Next: 42%
Magic:  0/16       EV: 12    Int: 39    God:
Gold:   344        SH:  0    Dex: 12    Spells: 6/14 levels left

rFire   . . .        i - +0 rapier
rCold   . . .        (no shield)
rNeg    . . .        n - +0 animal skin
rPois   .            u - +1 helmet of the Wild Haggis {Fly Str+2 Int+5}
rElec   .            (no cloak)
rCorr   .            y - +2 pair of gloves
SInv    .            l - +0 pair of boots
Will    .....        v - amulet of regeneration
Stlth   ++           d - +6 ring of intelligence
HPRegen 1.10/turn    o - ring of wizardry
MPRegen 0.15/turn

%: wizardry (x1)
@: flying
A: high MP 1, forlorn, divine attributes
a: no special abilities


You were on level 5 of the Dungeon.
You visited 1 branch of the dungeon, and saw 8 of its levels.

You collected 344 gold pieces.

Inventory:

Hand Weapons
 i - a +0 rapier (weapon)
Missiles
 p - 15 poisoned darts
Armour
 l - a +0 pair of boots (worn)
 n - a +0 animal skin (worn)
 u - the +1 helmet of the Wild Haggis (worn) {Fly Str+2 Int+5}
   (You took it off Robin on level 2 of the Dungeon)

   Str:       It affects your strength (+2).
   Int:       It affects your intelligence (+5).
   Fly:       It grants you flight.
 y - a +2 pair of gloves (worn)
Jewellery
 d - a +6 ring of intelligence (left hand)
 o - a ring of wizardry (right hand)
 v - an amulet of regeneration (around neck)
Wands
 x - a wand of polymorph (2)
Scrolls
 a - 2 scrolls of enchant armour {unknown}
 c - a scroll of teleportation {unknown}
 f - a scroll of poison {unknown}
 g - a scroll of immolation {unknown}
 h - a scroll of brand weapon {unknown}
 k - 2 scrolls of fog {unknown}
 m - a scroll of vulnerability {unknown}
 t - 3 scrolls of identify {unknown}
Potions
 b - a potion of magic
 e - a potion of flight {unknown}
 j - a potion of cancellation {unknown}
 q - 2 potions of berserk rage {unknown}
 r - 2 potions of attraction {unknown}
 s - a potion of haste
 w - a potion of might {unknown}


   Skills:
 - Level 4.4 Fighting
 - Level 2.1 Dodging
 - Level 2.1 Stealth
 - Level 4.0 Spellcasting
 - Level 5.0 Conjurations
 + Level 2.0 Ice Magic
 + Level 2.0 Air Magic


You had 6 spell levels left.
You knew the following spells:

 Your Spells              Type           Power      Damage    Failure   Level
a - Magic Dart            Conj           100%       1d8       1%          1
b - Searing Ray           Conj           92%        2d7       1%          2
c - Freezing Cloud        Conj/Ice/Air   15%        6-21      12%         5

Your spell library contained the following spells:

 Spells                   Type           Power      Damage    Failure   Level
 Slow                     Hex            28%        N/A       1%          1
 Summon Small Mammal      Summ           28%        N/A       1%          1
 Cigotuvi's Dreadful Rot  Necr/Pois/Air  26%        N/A       1%          2
 Dazzling Flash           Conj/Hex       54%        N/A       1%          3
 Call Canine Familiar     Summ           7%         N/A       4%          3
 Confusing Touch          Hex            7%         N/A       4%          3
 Ignite Poison            Fire/Tmut/Pois 7%         N/A       4%          3
 Summon Guardian Golem    Hex/Summ       7%         N/A       4%          3
 Vampiric Draining        Necr           7%         2d6       4%          3
 Fulminant Prism          Conj/Hex       13%        3d8       4%          4
 Iskenderun's Mystic Bla  Conj/Tloc      27%        2d7       4%          4


Dungeon Overview and Level Annotations

Branches:
Dungeon (8/15)             Temple (0/1) D:4
   Lair: D:8-11

Shops:
D:4 (

Annotations:
D:5 Edmund


Innate Abilities, Weirdness & Mutations

You have an increased reservoir of magic. (+10% MP)
You shall have no god before yourself.
Your divine heritage dramatically boosts your attributes as you level up.


Message History

Edmund misses you.
You hit Edmund but do no damage.
Edmund is heavily wounded.
Edmund pauses to sniff the ground.
Edmund bites you!
* * * LOW HITPOINT WARNING * * *
Edmund closely misses you.
You completely miss Edmund.
Edmund is heavily wounded.
Edmund bites you but does no damage.
Edmund stops to sniff the ground.
Edmund barely misses you.
You closely miss Edmund.
Edmund is heavily wounded.
Edmund barely misses you. Edmund bites you but does no damage.
You barely miss Edmund.
Edmund is heavily wounded.
Edmund closely misses you. Edmund bites you.
* * * LOW HITPOINT WARNING * * *
You miss Edmund.
Edmund is heavily wounded.
Edmund barely misses you. Edmund bites you.
* * * LOW HITPOINT WARNING * * *
Found a dagger and a robe.
Edmund completely misses you. Edmund attacks as you move away!
Edmund bites you.
* * * LOW HITPOINT WARNING * * *
Found a glowing chain mail and a robe.
Edmund barely misses you. Edmund attacks as you move away! Edmund bites you.
* * * LOW HITPOINT WARNING * * *
Found 8 gold pieces.
Edmund misses you. Edmund attacks as you move away!
Edmund completely misses you.
Casting: Searing Ray (safe; 1% risk of failure)
Confirm with . or Enter, or press ? or * to list all spells.
Aiming: Searing Ray (safe; 1% risk of failure)
Press: ? - help, Shift-Dir - straight line, f/p - Edmund
Aim: Edmund the wolf (heavily wounded, 70% to hit)
The searing ray misses Edmund. (Press . to maintain the ray.) Edmund closely misses you.
Edmund bites you!
You die...

########
##......##
#...:....##
..........#
..[.......#
..........#
.$....(@h.#
..........####
#..........>.#
..........##)#
.........)# .#
..........# ..
..........#
#.#
.........[# ..
........## ...


You could see Edmund the wolf.

Vanquished Creatures
  A black bear (D:4)
  2 bullfrogs (D:8)
  2 scorpions
  2 hounds
  A jelly (D:8)
  2 orc priests
  An iguana (D:5)
  5 orc wizards
  Robin (D:2)
  7 adders
  4 gnolls (D:4)
  A worm (D:3)
  2 dart slugs
  11 orcs
  2 bats
  7 endoplasms
  2 giant cockroaches
  20 goblins
  8 hobgoblins
  3 jackals (D:4)
  4 kobolds
  A quokka (D:4)
  10 ball pythons
  8 frilled lizards
  3 rats
110 creatures vanquished.

Notes
Turn   | Place    | Note
-------+----------+-------------------------------------------
     0 | D:1      | ritesign the Demigod Conjurer began the quest for the Orb.
     0 | D:1      | Reached XP level 1. HP: 14/14 MP: 5/5
   385 | D:1      | Reached XP level 2. HP: 20/20 MP: 4/7
   770 | D:1      | Learned a level 2 spell: Searing Ray
  1126 | D:2      | Reached skill level 4 in Conjurations
  1126 | D:2      | Reached XP level 3. HP: 26/26 MP: 5/9
  1920 | D:2      | Reached XP level 4. HP: 33/33 MP: 7/10
  2043 | D:2      | Identified the +1 helmet of the Wild Haggis {Fly Str+2
                  | Int+5}
  2043 | D:2      | Noticed Robin
  2052 | D:2      | Killed Robin
  2475 | D:3      | Reached XP level 5. HP: 38/38 MP: 2/12
  3259 | D:4      | Reached skill level 5 in Conjurations
  3474 | D:4      | Reached skill level 1 in Fighting
  3699 | D:4      | Found Uchyuf's Weapon Shoppe.
  3901 | D:4      | Found a staircase to the Ecumenical Temple.
  3912 | D:4      | Noticed a black bear
  3920 | D:4      | Killed a black bear
  3921 | D:4      | Reached XP level 6. HP: 50/50 MP: 9/15
  3927 | D:4      | Learned a level 5 spell: Freezing Cloud
  4570 | D:5      | Entered Level 5 of the Dungeon
  4707 | D:5      | You are sucked into a shaft and drop 3 floors!
  4716 | D:8      | Reached XP level 7. HP: 60/60 MP: 10/16
  4809 | D:8      | Noticed a +0 spear
  4810 | D:8      | Noticed a +0 short sword
  4812 | D:8      | Noticed a +0 falchion
  4813 | D:8      | Noticed a +0 dagger
  4848 | D:8      | Reached skill level 1 in Ice Magic
  4848 | D:8      | Reached skill level 1 in Air Magic
  4889 | D:5      | Noticed Edmund
  5089 | D:5      | Edmund changed into Edmund the wolf
  5089 | D:5      | Noticed Edmund
  5097 | D:5      | HP: 1/60 [Edmund the wolf (5)]
  5099 | D:5      | Slain by Edmund the wolf

Illustrated notes

Levels and vault maps discovered:
D:1:      elethiomel_arrival_quiet, layout_loops_ring
D:2:      layout_loops_ring, basic_altar, chequers_serial_rivers_small_a,
          minmay_lizard_pond, uniq_robin
D:3:      layout_rooms
D:4:      layout_loops_cross, minmay_temple_entry_glass, serial_shops,
          nicolae_shop_just_a_little_nook, kennysheep_cross_room,
          serial_park_tiny_2
D:5:      layout_rooms, gup_sewer_entry_glass, uniq_edmund
D:6:      layout_basic
D:7:      layout_rooms, enter_bailey_3
D:8:      layout_gridville, nicolae_uskayaw_en_pointe,
          grunt_temple_overflow_open, mainiacjoe_overflow_boulevard,
          st_stairs_12, uniq_psyche, uniq_maggie

Skill      XL: |  1  2  3  4  5  6  7 |
---------------+----------------------+-----
Stealth        | 2 |  2.1
Dodging        | 2 |  2.1
Spellcasting   | 2 3 4 |  4.0
Conjurations   | 4 5 |  5.0
Fighting       | 2 4 |  4.4
Ice Magic      | 2 |  2.0
Air Magic      | 2 |  2.0

Action                     |  1- 3 |  4- 6 |  7- 9 || total
---------------------------+-------+-------+-------++-------
  Melee: Rapier            |       |    31 |     9 ||    40
         Punch             |       |     1 |       ||     1
   Cast: Magic Dart        |    78 |    94 |       ||   172
         Searing Ray       |     1 |    21 |    12 ||    34
  Evoke: Wand              |       |       |     3 ||     3
 Armour: Robe              |     2 |    18 |       ||    20
         Animal skin       |       |     3 |    12 ||    15
  Dodge: Dodged            |     2 |    20 |    35 ||    57
